cohdb
Replays
Latest Replays
All Replays
Popular Replays
Top Player Replays
Match Explorer
How It Works
Community
CoH3 Stats
Reddit
Sign in to upload your games and track your stats! →
Sign in with Steam
Match 39957209
Unlisted
Match 39957209
Overview
Messages
Build Orders
End
Construct Infanterie Kompanie
Grenadier Squad
Grenadier Squad
MG 42 Machine Gun Team
Selects Terror Battlegroup
Selects Machine Gun Camouflage
MG 42 Machine Gun Team
Grenadier Squad
Construct Luftwaffe Kompanie
Support Elements
Jäger Squad
Wirbelwind Flakpanzer
Selects No Quarter
Wirbelwind Flakpanzer
Jäger Squad
Pioneer Squad
Wirbelwind Flakpanzer
UH|XTC
iceman
Obsidian-Fury
grimmgrimur
0
0
Comments
sign in to comment!
No comments posted yet!